 Dungeon Crawl Stone Soup version 0.31-a0-845-g9abc20d24f (webtiles) character file.

Game seed: 6578566592597224824

108 Kurtz the Chopper (level 4, -1/46 HPs)
             Began as an Octopode Fighter on Oct 1, 2023.
             Killed from afar by an orc wizard (2 damage)
             ... with a magic dart
             ... on level 3 of the Dungeon.
             The game lasted 00:01:25 (1731 turns).

Kurtz the Chopper (Octopode Fighter)                Turns: 1731, Time: 00:01:26

Health: -1/46      AC: 22    Str: 14 (17) XL:     4   Next: 87%
Magic:  4/4        EV:  2    Int:  8 (10) God:
Gold:   141        SH:  0    Dex:  9 (11) Spells: 3/3 levels left

rFire   . . .        a - +0 war axe
rCold   . . .        b - +0 buckler
rNeg    . . .        (helmet currently unavailable)
rPois   +            (no amulet)
rElec   .            h - +5 ring of evasion
rCorr   .            (no ring)
SInv    .            (no ring)
Will    .....        (no ring)
Stlth   +            (no ring)
HPRegen 0.27/turn    (no ring)
MPRegen 0.09/turn    (no ring)
                     (no ring)

%: no passive effects
@: confused, tree-form, invisible
A: stationary, stasis, torment immunity, boosted hp, almost no armour,
(amphibious), 8 rings, (camouflage 1), (gelatinous body 1), (nimble swimmer 1),
(tentacles)
a: no special abilities


You were on level 3 of the Dungeon.
You were a tree.
You visited 1 branch of the dungeon, and saw 3 of its levels.

You collected 141 gold pieces.

Inventory:

Hand Weapons
 a - a +0 war axe (weapon)
Missiles
 j - 4 poisoned darts
Armour
 b - a +0 buckler (worn)
Jewellery
 h - a +5 ring of evasion (left branch)
Scrolls
 d - 3 scrolls of teleportation {unknown}
 e - a scroll of torment {unknown}
 g - a scroll of amnesia {unknown}
 i - 2 scrolls of fog {unknown}
 k - a scroll of identify {unknown}
 m - a scroll of vulnerability {unknown}
 s - a scroll of enchant weapon {unknown}
Potions
 c - a potion of might
 f - 2 potions of enlightenment
 r - a potion of resistance {unknown}


   Skills:
 - Level 3.0 Fighting
 * Level 4.7 Axes
 - Level 3.0 Dodging
 + Level 1.6 Stealth
 - Level 3.0 Shields


You had 3 spell levels left.
You didn't know any spells.
Your spell library was empty.

Dungeon Overview and Level Annotations

Branches:
Dungeon (3/15)

Altars:
Okawaru

Annotations:
D:2 1 runed translucent door, Crazy Yiuf


Innate Abilities, Weirdness & Mutations

You are a tree.
Your roots penetrate the ground, keeping you stationary.
You cannot be teleported.
You are immune to unholy pain and torment.
Your maximum health is greatly increased.
You cannot wear most types of armour.
((You are amphibious.))
You can wear up to eight rings at the same time.
((Your skin changes colour to match your surroundings (Stealth+).))
((Your rubbery body absorbs attacks. (AC +1, EV +1)))
((You are camouflaged when in or above water. (Stealth+)))
((You have tentacles for arms and can constrict up to eight enemies at once.))


Message History

You fly up into the air.
The orc hits you with a +0 trident.
* * * LOW HITPOINT WARNING * * *
It was a potion of cancellation.
Your magical effects are unravelling.
You feel magically purged.
You float gracefully downwards.
You feel a little less mighty now.
Your enlightenment fades.
You block the orc's attack.
You slash the orc!
You kill the orc!
Something hits you.
* * * LOW HITPOINT WARNING * * *
You miss something. Your squeeze misses something. Something hits you.
* * * LOW HITPOINT WARNING * * *
It was a potion of curing.
You feel better. Something hits you.
It was a potion of invisibility.
You fade into invisibility!
Something hits you.
* * * LOW HITPOINT WARNING * * *
You miss something. Something barely misses you.
You hit something. Your squeeze misses something. Something hits you.
* * * LOW HITPOINT WARNING * * *
It was a potion of degeneration.
There was something very wrong with that liquid.
You feel weakened.
You feel dopey.
You feel clumsy. Something hits you.
* * * LOW HITPOINT WARNING * * *
It was a potion of lignification.
You turn into a tree.
Your roots penetrate the ground.
You hear some strange, mumbled words.
You are confused.
You attack the rock wall.
Something hits you but does no damage.
You hear some strange, mumbled words.
You are more confused.
You closely miss something. Something hits you.
* * * LOW HITPOINT WARNING * * *
You attack the rock wall.
You hear some strange, mumbled words.
A magic dart appears from out of thin air!
The magic dart hits you.
You die...

##+# ##...## #
##.....## ##.#
##.......## ....#
#.........####...##
+.........'♣{)....#
#.........####...##
#.......## ..#
##.....## .#
##...## # ##'## #[#
#.# ##.######


There were no monsters in sight!

Vanquished Creatures
  4 adders (D:2)
  A worm (D:2)
  5 dart slugs
  6 orcs (D:3)
  5 endoplasms
  2 giant cockroaches
  6 goblins
  6 hobgoblins
  2 quokkas (D:1)
  3 ball pythons
  A bat (D:1)
  3 frilled lizards
  A kobold (D:1)
  7 rats
52 creatures vanquished.

Notes
Turn   | Place    | Note
-------+----------+-------------------------------------------
     0 | D:1      | Kurtz the Octopode Fighter began the quest for the Orb.
     0 | D:1      | Reached XP level 1. HP: 16/16 MP: 1/1
   232 | D:1      | Reached XP level 2. HP: 21/21 MP: 2/2
   509 | D:1      | Reached skill level 3 in Axes
   728 | D:1      | Reached XP level 3. HP: 26/26 MP: 3/3
   955 | D:2      | Reached skill level 1 in Stealth
   966 | D:2      | Reached skill level 4 in Axes
   998 | D:2      | Reached XP level 4. HP: 30/31 MP: 4/4
  1055 | D:2      | Found a faded altar of an unknown god.
  1369 | D:2      | Found a runed translucent door.
  1370 | D:2      | Noticed Crazy Yiuf
  1654 | D:3      | Found an iron altar of Okawaru.
  1727 | D:3      | HP: 1/31 [something (3)]
  1731 | D:3      | Killed from afar by an orc wizard

Illustrated notes

Levels and vault maps discovered:
D:1:      eino_arrival_cavern_e, layout_basic, minmay_heptomino_o4
D:2:      layout_basic, shapermc_ecumenical_altar_mp_urbaneastern,
          minmay_cupped, uniq_crazy_yiuf_cottage
D:3:      layout_loops_corners, mainiacjoe_overflow_alcove_1, solitary_fountain,
          chequers_serial_rivers_micro_c, grunt_decor_mini_mirrors,
          minmay_distorted, uniq_jessica

Skill      XL: |  1  2  3 |
---------------+----------+-----
Axes           | 3 4 |  4.7
Stealth        | 1 |  1.6
Fighting       | |  3.0
Dodging        | |  3.0
Shields        | |  3.0

Action                     |  1- 3 |  4- 6 || total
---------------------------+-------+-------++-------
  Melee: War axe           |    50 |    36 ||    86
         Constrict         |    12 |     5 ||    17
         Tentacles         |    10 |     2 ||    12
    Use: Potion            |       |     7 ||     7
   Stab: Sleeping          |     5 |     8 ||    13
 Armour: Skin              |    11 |    18 ||    29
  Dodge: Dodged            |    37 |    23 ||    60
  Block: Buckler           |    13 |     6 ||    19

Table legend: (Time is in decaauts)
 A = Elapsed time spent in this place.
 B = Non-inter-level travel time spent in this place.
 C = Inter-level travel time spent in this place.
 D = Time resting spent in this place.
 E = Time spent auto-exploring this place.
 F = Levels seen in this place.
 G = Mean time per level.
                   A        B        C        D        E       F      G
               +--------+--------+--------+--------+--------+-----+--------+
         Total |   1761 |   1704 |     57 |    241 |   1123 |   3 |  587.0 |
       Dungeon |   1761 |   1704 |     57 |    241 |   1123 |   3 |  587.0 |
               +--------+--------+--------+--------+--------+-----+--------+

Top non-repeatable levels by time:
     D:1: 891 daAuts
     D:2: 654 daAuts
     D:3: 215 daAuts
